cohdb
Replays
Latest Replays
All Replays
Popular Replays
Top Player Replays
Match Explorer
How It Works
Community
CoH3 Stats
Reddit
Sign in to upload your games and track your stats! →
Sign in with Steam
Match 47243906
Unlisted
Match 47243906
Overview
Messages
Build Orders
End
Kradschützen Motorcycle Team
Panzergrenadier Squad
Selects Panzerjäger Kommand Battlegroup
Selects Blockade Equipment
Panzergrenadier Squad
Construct Light Support Kompanie
Panzergrenadier Squad
Fire Support Elements
Veteran Squad Leaders
2.5-tonne Medical Truck
Selects Defensive Positions
Pak 38 Anti-tank Gun Team
MG34 Team
Selects Butterfly Bomb Drop
Flakvierling Half-track
Construct Panzerarmee Kommand
Butterfly Bomb Drop
Pak 38 Anti-tank Gun Team
Vehicle Survival Package
Butterfly Bomb Drop
Selects Tank Busters
Selects Crew Shock Tactics
Marin
Demi
-AL- Nimahfrosch
PutPut-AutistInPerfection
0
0
Comments
sign in to comment!
No comments posted yet!